 Dungeon Crawl Stone Soup version 0.29.0-4-gdea44cf6ec (webtiles) character file.

Game seed: 4740352912951984692

16 qw the Chopper (level 2, 0/17 HPs)
             Began as a Tengu Warper on Aug 28, 2022.
             Succumbed to their own poison gas
             ... on level 1 of the Dungeon.
             The game lasted 00:00:05 (1082 turns).

qw the Chopper (Tengu Warper)                       Turns: 1082, Time: 00:00:06

Health: 0/17       AC: 11    Str: 11    XL:     2   Next: 58%
Magic:  6/6        EV:  2    Int: 13    God:
Gold:   117        SH:  0    Dex: 13    Spells: 5/5 levels left

rFire   . . .      SeeInvis .   Y - +0 hand axe
rCold   . . .      Faith    .   (no shield)
rNeg    . . .      Spirit   .   m - +0 plate armour
rPois   .          Reflect  .   (helmet restricted)
rElec   .          Harm     .   h - +0 cloak
rCorr   .          Rampage  .   (no gloves)
Will    .....                   (boots unavailable)
Stlth   ..........              (no amulet)
HPRegen 0.05/turn               (no ring)
MPRegen 0.10/turn               (no ring)

@: lethally poisoned (0 -> -1), weak-willed, hasted, very quick
A: beak, talons 3
a: no special abilities


You were on level 1 of the Dungeon.
You visited 1 branch of the dungeon, and saw 1 of its levels.

You collected 117 gold pieces.


Innate Abilities, Weirdness & Mutations

You have a beak for a mouth.
You have claws for feet.


   Skills:
 - Level 2.0 Fighting
 + Level 3.4 Axes
 - Level 1.0 Throwing
 - Level 1.1 Armour
 - Level 2.1 Dodging
 - Level 2.0 Spellcasting
 - Level 2.4 Translocations


You had 5 spell levels left.
You didn't know any spells.
Your spell library contained the following spells:

 Spells                   Type           Power      Damage    Failure   Level
 Blink                    Tloc           14%        N/A       100%        2
 Gell's Gravitas          Tloc           7%         N/A       100%        3
 Lesser Beckoning         Tloc           7%         N/A       100%        3
 Teleport Other           Tloc           7%         N/A       100%        3
 Manifold Assault         Tloc           7%         N/A       100%        5

Inventory:

Hand Weapons
 g - a +0 whip
 Y - a +0 hand axe (weapon)
Armour
 h - a +0 cloak (worn)
 m - a +0 plate armour (worn)
Potions
 e - a potion of haste
 i - a potion of curing {unknown}

Dungeon Overview and Level Annotations

Branches:
Dungeon (1/15)

Altars:

Shops:
D:1 [


Message History

You drop a scroll of vulnerability.
Done exploring.
(D) Dungeon
Where to? (* - list waypoints, ? - help)
What level of the Dungeon? (default 1, ? - help) Sorry, I don't know how to get there.
Done exploring.
1068 ||| Stepping randomly (stuck).
Really walk into that cloud of poison gas?
You are engulfed in poison gas.
You are lethally poisoned!
You feel very sick.
1069 ||| Stepping ~*~*~tactically~*~*~ (cloud).
You feel sick.
Things that are here:
a scroll of vulnerability; a scroll of blinking
There is a lethal amount of poison in your body!
You feel sick.
There is a lethal amount of poison in your body!
You feel sick.
There is a lethal amount of poison in your body!
You feel sick.
There is a lethal amount of poison in your body!
You feel sick.
There is a lethal amount of poison in your body!
You feel sick.
There is a lethal amount of poison in your body!
You feel sick.
There is a lethal amount of poison in your body!
You feel sick.
There is a lethal amount of poison in your body!
There is a lethal amount of poison in your body!
You feel sick.
There is a lethal amount of poison in your body!
You feel sick.
There is a lethal amount of poison in your body!
There is a lethal amount of poison in your body!
You feel sick.
There is a lethal amount of poison in your body!
You die...

####### ####
###################.....# ..[#
#........................ ##.#
#0#################.....# ##.#
#0..00..@0.0.0....'...... .#.#
#.0####0..0########.....# .#.#
#.....00.00# #.....# .#.#
#.......0.0# #......
.#.######...00.00.0# ####...
.%.........#.....00# #......
##########.#0.0000.# #......
........##.#0.000..########......
..>..............................


There were no monsters in sight!

Vanquished Creatures
  2 endoplasms (D:1)
  A hobgoblin (D:1)
  2 kobolds (D:1)
  4 ball pythons (D:1)
  2 bats (D:1)
  2 frilled lizards (D:1)
  5 rats (D:1)
18 creatures vanquished.

Notes
Turn   | Place    | Note
-------+----------+-------------------------------------------
     0 | D:1      | qw the Tengu Warper began the quest for the Orb.
     0 | D:1      | Reached XP level 1. HP: 12/12 MP: 4/4
     0 | D:1      | 0 ||| qw: Version: 0.1-a-89-g26bdef1
     0 | D:1      | 0 ||| qw: Game counter: 2541
     0 | D:1      | 0 ||| qw: Always use a shield: true
     0 | D:1      | 0 ||| qw: God list: Okawaru
     0 | D:1      | 0 ||| qw: Allow faded altars: false
     0 | D:1      | 0 ||| qw: Do Orc after D:15 true
     0 | D:1      | 0 ||| qw: Do second Lair branch before Depths: true
     0 | D:1      | 0 ||| qw: Lair rune preference: random
     0 | D:1      | 0 ||| qw: Plans: Normal
     0 | D:1      | 0 ||| PLANNING D:1-11
   192 | D:1      | 192 ||| Stepping ~*~*~tactically~*~*~ (stealth).
   195 | D:1      | 195 ||| Stepping ~*~*~tactically~*~*~ (stealth).
   209 | D:1      | 209 ||| Stepping ~*~*~tactically~*~*~ (stealth).
   218 | D:1      | Reached XP level 2. HP: 15/17 MP: 6/6
   220 | D:1      | Reached skill level 3 in Axes
   312 | D:1      | Found Vask's Antique Armour Shoppe.
   322 | D:1      | 322 ||| SHOPLISTING chain mail (117 gold, have 65).
   322 | D:1      | 322 ||| SHOPLISTING colourful robe (148 gold, have 65).
   322 | D:1      | 322 ||| SHOPLISTING pair of runed gloves (195 gold, have
                  | 65).
   322 | D:1      | 322 ||| SHOPLISTING ring mail (104 gold, have 65).
   322 | D:1      | 322 ||| SHOPLISTING runed robe (96 gold, have 65).
   322 | D:1      | 322 ||| SHOPLISTING steaming leather armour (182 gold, have
                  | 65).
   322 | D:1      | 322 ||| SHOPLISTING troll leather armour (390 gold, have
                  | 65).
  1042 | D:1      | 1042 ||| UPGRADING to +0 cloak.
  1047 | D:1      | 1047 ||| UPGRADING to +0 plate armour.
  1057 | D:1      | 1057 ||| DROPPING +0 leather armour.
  1058 | D:1      | 1058 ||| READING scroll labelled ZODONEGEFRI.
  1059 | D:1      | 1059 ||| READING scroll labelled NAANI HEOF LABB.
  1062 | D:1      | 1062 ||| READING scroll labelled JUUNIU GISED.
  1063 | D:1      | 1063 ||| READING scroll labelled NAICIA XESE.
  1064 | D:1      | 1064 ||| READING 2 scrolls labelled BUATAMMANEQ.
  1065 | D:1      | 1065 ||| DRINKING 2 cyan potions.
  1066 | D:1      | 1066 ||| DROPPING scroll of blinking.
  1067 | D:1      | 1067 ||| DROPPING scroll of vulnerability.
  1068 | D:1      | 1068 ||| Stepping randomly (stuck).
  1069 | D:1      | 1069 ||| Stepping ~*~*~tactically~*~*~ (cloud).
  1076 | D:1      | HP: 4/17 [poisoned by you (poison gas)]
  1081 | D:1      | HP: 1/17 [poisoned by you (poison gas)]
  1082 | D:1      | Succumbed to their own poison gas

Levels and vault maps discovered:
D:1:      dpeg_arrival_court, layout_basic, serial_shops, shop_statue

Skill      XL: |  1  2 |
---------------+-------+-----
Axes           | 3 |  3.4
Fighting       | |  2.0
Throwing       | |  1.0
Armour         | |  1.1
Dodging        | |  2.1
Spellcasting   | |  2.0
Translocations | |  2.4

Action                   || total
-------------------------++-------
Melee: Hand axe          ||    34
       Kick              ||     8
       Peck              ||     1
       Punch             ||     1
Throw: Boomerang         ||     7
  Use: Scroll            ||     5
       Potion            ||     1
Armor: Leather armour    ||     7
Dodge: Dodged            ||    18

Table legend:
 A = Non-vault XP
 B = Vault XP
 C = Vault XP percentage of total XP
 D = Non-vault monster count
 E = Vault monster count
 F = Vault count percentage of total count
                 A         B        C        D         E       F
            +---------+---------+-------+---------+---------+-------
      Total |      24 |       0 |   0.0 |      18 |       0 |   0.0
            +---------+---------+-------+---------+---------+-------
        D:1 |      24 |       0 |   0.0 |      18 |       0 |   0.0
            +---------+---------+-------+---------+---------+-------
